 Dungeon Crawl Stone Soup version 0.29-a0-1033-gb6c65ffae6 (webtiles) character file.

Game seed: 9297757581526646476

13718 wilfster70 the Severer (level 12, -5/111 HPs)
             Began as a Hill Orc Monk on Aug 14, 2022.
             Was a Priest of Beogh.
             Slain by Harold
             ... wielding a +0 dire flail
              (8 damage)
             ... on level 2 of the Lair of Beasts.
             The game lasted 00:26:50 (14200 turns).

wilfster70 the Severer (Hill Orc Monk)             Turns: 14200, Time: 00:26:50

Health: -5/111     AC: 24    Str: 28    XL:     12   Next: 9%
Magic:  19/19      EV: 11    Int: 10    God:    Beogh [***...]
Gold:   1063       SH:  9    Dex: 13    Spells: 11/11 levels left

rFire   . . .      SeeInvis .   a - +1 war axe (vamp)
rCold   . . .      Faith    .   I - +0 kite shield
rNeg    . . .      Spirit   .   e - +3 plate armour
rPois   .          Reflect  .   k - +1 helmet "Tapniguti" {Str+3}
rElec   .          Harm     .   t - +0 cloak
rCorr   .          Rampage  .   B - +0 pair of gloves
Will    .....                   h - +1 pair of boots
Stlth   ..........              r - amulet of the acrobat
HPRegen 0.28/turn               i - +4 ring of evasion
MPRegen 0.16/turn               N - +6 ring of strength

@: lethally poisoned (-5 -> -19), marked
A: no striking features
a: Renounce Religion, Smiting


You were on level 2 of the Lair of Beasts.
You worshipped Beogh.
Beogh was most pleased with you.
You visited 2 branches of the dungeon, and saw 14 of its levels.

You collected 1063 gold pieces.

Inventory:

Hand Weapons
 a - a +1 vampiric war axe (weapon)
 b - a +0 morningstar
 m - a +0 scythe
 y - a +0 halberd
 D - a +0 halberd
 E - a +0 trident
 G - a +0 halberd
Missiles
 s - 7 poisoned darts (quivered)
 w - 2 curare-tipped darts
 C - 2 throwing nets
Armour
 e - a +3 plate armour (worn)
 h - a +1 pair of boots (worn)
 k - the +1 helmet "Tapniguti" (worn) {Str+3}
   (You found it on level 10 of the Dungeon)

   Str:       It affects your strength (+3).
 t - a +0 cloak (worn)
 B - a +0 pair of gloves (worn)
 I - a +0 kite shield (worn)
Jewellery
 i - a +4 ring of evasion (left hand)
 r - an amulet of the acrobat (around neck)
 N - a +6 ring of strength (right hand)
Wands
 l - a wand of flame (26)
 J - a wand of paralysis (4)
 L - a wand of iceblast (12)
Scrolls
 g - 3 scrolls of teleportation
 u - 3 scrolls of fear
 F - 4 scrolls of butterflies
 K - 2 scrolls of magic mapping
Potions
 c - 3 potions of ambrosia
 f - 3 potions of resistance
 j - 2 potions of magic {unknown}
 n - 2 potions of curing
 o - 2 potions of flight {unknown}
 p - 5 potions of brilliance {unknown}
 q - 6 potions of lignification
 v - a potion of cancellation {unknown}
 z - a potion of invisibility {unknown}
 A - 2 potions of berserk rage {unknown}
 H - a potion of might
 M - 3 potions of mutation


   Skills:
 + Level 11.7 Fighting
 - Level 16.0 Axes
 - Level 8.9 Armour
 - Level 2.4 Dodging
 - Level 1.5 Stealth
 + Level 4.5 Shields
 + Level 9.3 Invocations


You had 11 spell levels left.
You didn't know any spells.
Your spell library contained the following spells:

 Spells                   Type           Power      Damage    Failure   Level
 Foxfire                  Conj/Fire      0%         2x1d4     100%        1
 Necrotise                Necr           0%         1d4       100%        1
 Blink                    Tloc           0%         N/A       100%        2
 Poisonous Vapours        Pois/Air       0%         N/A       100%        2
 Sublimation of Blood     Necr           0%         N/A       100%        2
 Call Canine Familiar     Summ           0%         N/A       100%        3
 Frozen Ramparts          Ice            0%         1d1       100%        3
 Inner Flame              Hex/Fire       0%         N/A       100%        3
 Lesser Beckoning         Tloc           0%         N/A       100%        3
 Portal Projectile        Hex/Tloc       0%         N/A       100%        3
 Vampiric Draining        Necr           0%         2d6       100%        3
 Cause Fear               Hex            0%         N/A       100%        4
 Corpse Rot               Necr/Pois/Air  0%         N/A       100%        4
 Ice Form                 Ice/Tmut       0%         N/A       100%        4
 Leda's Liquefaction      Hex/Erth       0%         N/A       100%        4
 Petrify                  Tmut/Erth      0%         N/A       100%        4
 Summon Ice Beast         Ice/Summ       0%         N/A       100%        4
 Agony                    Necr           0%         N/A       100%        5
 Alistair's Intoxication  Tmut/Pois      0%         N/A       100%        5
 Borgnjor's Vile Clutch   Necr/Erth      0%         N/A       100%        5
 Irradiate                Conj/Tmut      0%         3d11      100%        5
 Manifold Assault         Tloc           0%         N/A       100%        5
 Summon Forest            Summ/Tloc      0%         N/A       100%        5
 Death Channel            Necr           0%         N/A       100%        6
 Eringya's Noxious Bog    Tmut/Pois      0%         N/A       100%        6
 Summon Hydra             Summ           0%         N/A       100%        7
 Borgnjor's Revivificati  Necr           0%         N/A       100%        8
 Discord                  Hex            0%         N/A       100%        8


Dungeon Overview and Level Annotations

Branches:
Dungeon (12/15)            Temple (0/1) D:6            Lair (2/5) D:8
    Orc (0/2) D:11
  Swamp: Lair:2-3    Shoals: Lair:2-3     Snake: Lair:2-3    Spider: Lair:2-3

Altars:
Hepliaklqana
Makhleb
Nemelex Xobeh
Okawaru
Ru
Wu Jian
Zin

Shops:
D:1 (

Annotations:
D:6 exclusion: downstairs
D:9 4 transporters
D:10 2 transporters, t4s4d4r's ghost, journeyman KoHu
Lair:1 Gastronok
Lair:2 Harold; Urug


Message History

The water moccasin completely misses you.
The cane toad completely misses you.
* * * LOW HITPOINT WARNING * * *
You feel very sick. The black mamba bites you.
* * * LOW HITPOINT WARNING * * *
The blink frog blinks!
Harold yells, "I don't have all day!"
Harold casts a spell at you. The mark upon you grows brighter.
The water moccasin closely misses you. You block the cane toad's attack.
The cane toad stings you but does no damage.
The cane toad stings you.
* * * LOW HITPOINT WARNING * * *
The black mamba bites you but does no damage.
You climb downwards.
Level annotation: Urug
* * * LOW HITPOINT WARNING * * *
You feel very sick. The water moccasin barely misses you.
The water moccasin closely misses you.
There is a stone staircase leading up here.
You feel much better.
You feel very sick. You block the black mamba's attack.
The water moccasin closely misses you. Harold hits you with a +0 dire flail.
* * * LOW HITPOINT WARNING * * *
You block the cane toad's attack.
The cane toad stings you but does no damage.
The water moccasin bites you but does no damage.
The cane toad stings you!
* * * LOW HITPOINT WARNING * * *
The water moccasin misses you. The black mamba closely misses you.
You feel better.
The water moccasin completely misses you.
The cane toad stings you.
* * * LOW HITPOINT WARNING * * *
You are lethally poisoned!
The cane toad poisons you! The cane toad barely misses you.
You block the black mamba's attack. Harold hits you with a +0 dire flail!
You die...

..# .o# #...#.
..... . #....#
###..# ..
##....##### ..#
#. ..........
.....P.
###/##.........
.... ...
...............
.... ...
......FSS......
....
#P..F@@....#
....
##..SF....##
.... #.......##
.... .........#
).##........# .
#.......#..
.........#..
P#.......##..


You could see Harold, a black mamba, 3 cane toads and 2 water moccasins.

Vanquished Creatures
  Josephine (D:11)
  Erolcha (D:11)
  Erica (D:8)
  2 two-headed ogres
  A black mamba (Lair:2)
  Joseph (D:7)
  A cane toad (Lair:1)
  A komodo dragon (Lair:2)
  A troll (D:10)
  Grinder (D:6)
  Sigmund (D:2)
  A vampire (D:10)
  4 wyverns
  2 wraiths (D:11)
  15 yaks
  A basilisk (D:8)
  A steam dragon (D:9)
  A vampire mosquito (D:11)
  4 water moccasins
  4 orc warriors
  A sky beast (D:6)
  An ice beast (D:8)
  3 black bears
  An ogre (D:5)
  A wolf (Lair:1)
  A centaur (D:9)
  3 kobold brigands
  Blork the orc (D:6)
  3 bullfrogs
  2 gnoll sergeants
  2 necrophages
  14 killer bees
  6 howler monkeys
  3 hounds
  A gnoll bouda (D:7)
  3 orc priests
  2 jellies
  4 orc wizards
  2 iguanas
  11 gnolls
  6 adders
  2 white imps (D:6)
  3 worms
  4 dart slugs
  17 orcs
  2 endoplasms (D:2)
  4 giant cockroaches
  6 goblins
  10 hobgoblins
  14 jackals
  3 quokkas
  9 ball pythons
  5 bats
  2 frilled lizards
  19 kobolds
  6 rats
222 creatures vanquished.

Vanquished Creatures (collateral kills)
  A deep elf pyromancer (D:12)
  2 manticores (D:12)
  A troll (D:12)
  2 shadows (D:11)
  3 wraiths (D:11)
  3 vampire mosquitoes (D:11)
  An acid dragon (D:10)
  An orc warrior (D:11)
  2 wolves (Lair:1)
  8 orcs
24 creatures vanquished.

Vanquished Creatures (others)
  An orc knight (D:12)
  2 orc warriors
  A water moccasin (D:8)
  A kobold brigand (D:8)
  2 orc priests
  9 orcs
  A kobold (D:8)
  9 fungi
  21 plants
47 creatures vanquished.

Grand Total: 293 creatures vanquished

Notes
Turn   | Place    | Note
-------+----------+-------------------------------------------
     0 | D:1      | wilfster70 the Hill Orc Monk began the quest for the Orb.
     0 | D:1      | Reached XP level 1. HP: 19/19 MP: 1/1
    61 | D:1      | Reached XP level 2. HP: 27/27 MP: 2/2
   165 | D:1      | Found a faded altar of an unknown god.
   544 | D:1      | Found Uxka's Antique Weapon Shop.
   627 | D:1      | Reached skill level 1 in Armour
   727 | D:1      | Reached XP level 3. HP: 28/33 MP: 3/3
  1059 | D:2      | Reached skill level 5 in Axes
  1063 | D:2      | Noticed Sigmund
  2179 | D:3      | Reached XP level 4. HP: 40/40 MP: 4/4
  2544 | D:3      | You fall into a shaft and drop 2 floors!
  2544 | D:5      | Entered Level 5 of the Dungeon
  2550 | D:5      | Noticed a kobold brigand
  2566 | D:5      | Killed a kobold brigand
  2567 | D:5      | Reached skill level 6 in Axes
  2567 | D:5      | Reached XP level 5. HP: 31/47 MP: 5/5
  3402 | D:2      | Killed Sigmund
  3403 | D:2      | Reached skill level 5 in Fighting
  3403 | D:2      | Reached skill level 7 in Axes
  3403 | D:2      | Reached XP level 6. HP: 30/56 MP: 6/6
  4195 | D:4      | Reached XP level 7. HP: 52/61 MP: 7/7
  4433 | D:4      | Found a hazy altar of Hepliaklqana.
  4888 | D:5      | Reached skill level 8 in Axes
  5307 | D:5      | Reached skill level 9 in Axes
  5307 | D:5      | Reached XP level 8. HP: 59/70 MP: 8/8
  5696 | D:5      | Found an iron altar of Okawaru.
  5751 | D:6      | Found a sacrificial altar of Ru.
  5798 | D:6      | Reached skill level 5 in Armour
  5861 | D:6      | Found a staircase to the Ecumenical Temple.
  5872 | D:6      | Reached skill level 10 in Axes
  6292 | D:6      | Noticed Blork the orc
  6301 | D:6      | Killed Blork the orc
  6560 | D:6      | Got the Quarto of Unhallowed Liturgies and Pyromania
  6699 | D:6      | Noticed Grinder
  6716 | D:6      | Killed Grinder
  6717 | D:6      | Reached skill level 11 in Axes
  6717 | D:6      | Reached XP level 9. HP: 75/79 MP: 9/9
  7084 | D:7      | Noticed Joseph
  7492 | D:7      | Became a worshipper of Beogh the Brigand
  7492 | D:7      | Reached * piety under Beogh
  7492 | D:7      | Reached ** piety under Beogh
  7524 | D:7      | Found a glowing silver altar of Zin.
  7543 | D:7      | Found a sparkling altar of Nemelex Xobeh.
  7576 | D:7      | Reached skill level 1 in Invocations
  7722 | D:7      | Killed Joseph
  7723 | D:7      | Reached skill level 12 in Axes
  8097 | D:7      | Found an ornate altar of the Wu Jian Council.
  8894 | D:7      | Reached XP level 10. HP: 68/90 MP: 12/12
  8991 | D:7      | Reached skill level 13 in Axes
  9179 | D:8      | Noticed Erica
  9191 | D:8      | Killed Erica
  9192 | D:8      | Reached skill level 5 in Invocations
  9755 | D:8      | Reached skill level 14 in Axes
 10078 | D:8      | Found a staircase to the Lair.
 10711 | D:9      | Reached skill level 10 in Fighting
 10918 | D:9      | Reached XP level 11. HP: 85/99 MP: 15/15
 11193 | D:9      | Found a transporter.
 11195 | D:9      | Found a transporter.
 11252 | D:9      | Found a transporter.
 11297 | D:9      | Found a transporter.
 11558 | D:9      | Found a burning altar of Makhleb.
 11581 | D:10     | Entered Level 10 of the Dungeon
 11590 | D:10     | Identified the +1 helmet "Tapniguti" {Str+3}
 11604 | D:10     | Reached skill level 15 in Axes
 11608 | D:10     | Reached *** piety under Beogh
 11645 | D:10     | Noticed a two-headed ogre
 11654 | D:10     | Killed a two-headed ogre
 11979 | D:10     | Noticed a two-headed ogre
 11980 | D:10     | Noticed a wolf spider
 11981 | D:10     | Noticed t4s4d4r's ghost (journeyman KoHu)
 11982 | D:10     | Noticed a boulder beetle
 11983 | D:10     | Found a transporter.
 11993 | D:10     | Found a transporter.
 12128 | D:11     | Noticed Erolcha
 12150 | D:11     | Killed Erolcha
 12151 | D:11     | Reached skill level 1 in Shields
 12417 | D:11     | Noticed Josephine
 12427 | D:11     | Killed Josephine
 12527 | D:11     | Noticed a two-headed ogre
 12533 | D:11     | Killed a two-headed ogre
 12866 | D:11     | Reached skill level 16 in Axes
 12871 | D:11     | Found a staircase to the Orcish Mines.
 13461 | D:12     | Noticed a manticore
 13463 | D:12     | Noticed a manticore
 13470 | D:12     | Killed a manticore
 13474 | D:12     | Killed a manticore
 13615 | D:12     | Noticed a deep elf pyromancer
 13621 | D:12     | Killed a deep elf pyromancer
 13621 | D:12     | Gained Boghold as an ally
 13637 | D:12     | Your ally Boghold died
 13858 | Lair:1   | Entered Level 1 of the Lair of Beasts
 13992 | Lair:1   | Noticed Harold
 14002 | Lair:1   | Reached XP level 12. HP: 109/110 MP: 18/18
 14016 | Lair:1   | Noticed Gastronok
 14017 | Lair:2   | Noticed Urug
 14198 | Lair:2   | HP: 1/111 [poisoned by a black mamba]
 14200 | Lair:2   | Slain by Harold

Illustrated notes

Levels and vault maps discovered:
D:1:      lightli_molten_gateway, layout_basic,
          hellmonk_ecumenical_altar_lost_god, serial_shops, shop, serial_rivers,
          chequers_serial_rivers_marsh, chequers_serial_rivers_marsh,
          chequers_serial_rivers_micro_c, chequers_serial_rivers_room_b
D:2:      layout_rooms, uniq_sigmund
D:3:      layout_basic, reono_crystal_passage, amethyst_killhole,
          lemuel_old_faithful
D:4:      layout_gridville, mainiacjoe_overflow_surrounded_room,
          kennysheep_generic_room_11
D:5:      layout_basic, kennysheep_okawaru_gauntlet
D:6:      cheibrodos_quashed, layout_basic, nicolae_ru_great_annihilating_truth,
          minmay_temple_entry_overgrown, minmay_misc_feat_x,
          dreamdust_princess_corridor, chequers_hall_statues_wall_a,
          uniq_grinder, uniq_blork_the_orc
D:7:      layout_basic, jmf_multi_god_temple, lemuel_doored_altar, uniq_joseph
D:8:      layout_loops_cross, minmay_lair_entry_grove, uniq_erica
D:9:      layout_small_grid, lemuel_tele_altar, nicolae_diode_quadrants
D:10:     layout_cave_pools, gammafunk_ghost_arena
D:11:     layout_basic, hiddenorc1_lemuel, minmay_misc_feat_cross,
          uniq_josephine, uniq_erolcha
D:12:     layout_stronghold
Lair:1:   layout_cave_pods, minmay_stone_trees_medium, serial_bayou_shore_b,
          grunt_megastairs_1, uniq_grum, uniq_gastronok, uniq_harold
Lair:2:   layout_regular_city, minmay_shoals_entry_lonely_mermaid, wad_woods_06,
          nicolae_lair_grazing_beasts [nicolae_sub_lair_graze_edge,
          nicolae_sub_lair_graze_edge, nicolae_sub_lair_graze_edge,
          nicolae_sub_lair_graze_edge], uniq_urug

Skill      XL: |  1  2  3  4  5  6  7  8  9 10 11 |
---------------+----------------------------------+-----
Armour         | 1 2 3 4 5 7 8 |  8.9
Fighting       | 4 5 6 7 8 10 11 | 11.7
Axes           | 5 6 7 9 11 12 14 16 | 16.0
Invocations    | 3 6 9 |  9.3
Shields        | 4 |  4.5
Dodging        | |  2.4
Stealth        | |  1.5

Action                   |  1- 3 |  4- 6 |  7- 9 | 10-12 || total
-------------------------+-------+-------+-------+-------++-------
Melee: Hand axe          |   154 |       |       |       ||   154
       War axe           |     6 |   109 |   338 |   394 ||   847
       Punch             |     4 |     1 |     5 |     4 ||    14
Invok: Smiting           |       |       |     2 |     1 ||     3
       Convert to Beogh  |       |       |     1 |       ||     1
  Use: Scroll            |     7 |     3 |     5 |    11 ||    26
       Potion            |       |       |     1 |     7 ||     8
 Stab: Distracted        |     1 |       |       |     1 ||     2
       Sleeping          |     1 |       |       |       ||     1
       Invisible         |       |       |     1 |       ||     1
Armor: Robe              |     9 |       |       |       ||     9
       Scale mail        |    28 |       |       |       ||    28
       Plate armour      |    48 |    84 |   285 |   233 ||   650
Dodge: Dodged            |    67 |    31 |   224 |   298 ||   620
Block: Kite shield       |       |       |       |    60 ||    60

Table legend: (Time is in decaauts)
 A = Elapsed time spent in this place.
 B = Non-inter-level travel time spent in this place.
 C = Inter-level travel time spent in this place.
 D = Time resting spent in this place.
 E = Time spent auto-exploring this place.
 F = Levels seen in this place.
 G = Mean time per level.
                   A        B        C        D        E       F      G
               +--------+--------+--------+--------+--------+-----+--------+
         Total |  14194 |  13555 |    639 |   3986 |   6123 |  14 | 1013.9 |
       Dungeon |  13894 |  13255 |    639 |   3922 |   6103 |  12 | 1157.8 |
          Lair |    300 |    300 |      0 |     64 |     20 |   2 |  150.0 |
               +--------+--------+--------+--------+--------+-----+--------+

Top non-repeatable levels by time:
     D:7: 2109 daAuts
     D:6: 1808 daAuts
     D:1: 1429 daAuts
     D:3: 1413 daAuts
    D:11: 1267 daAuts
     D:5: 1192 daAuts
     D:8: 1084 daAuts
     D:4: 979 daAuts
     D:9: 877 daAuts
     D:2: 775 daAuts
    D:10: 562 daAuts
    D:12: 393 daAuts
  Lair:1: 166 daAuts
  Lair:2: 133 daAuts
